 Dungeon Crawl Stone Soup version 0.30-a0-1074-g5db6f66fbb (webtiles) character file.

Game seed: 9563606308407748854

32683 Danienth the Dealer of Despair (level 13, -3/80 (86) HPs)
             Began as a Demonspawn Necromancer on Apr 11, 2023.
             Was an Elder of Kikubaaqudgha.
             Slain by a skyshark (7 damage)
             ... on level 4 of the Lair of Beasts on Apr 13, 2023.
             The game lasted 03:01:30 (18283 turns).

Danienth the Dealer of Despair (DsNe)              Turns: 18283, Time: 03:01:32

HP:   -3/80 (86)    AC: 32    Str:  9    XL:     13   Next: 32%
MP:   26/28         EV: 12    Int: 31    God:    Kikubaaqudgha [****..]
Gold: 995           SH:  0    Dex: 12    Spells: 13/34 levels left

rFire   + . .      SeeInvis .    y - +6 dagger (protect)
rCold   . . .      Faith    .    i - orb {guile}
rNeg    . . .      Spirit   .    G - +3 leather armour
rPois   .          Reflect  .    (helmet restricted)
rElec   .          Rampage  .    I - +1 cloak
rCorr   .          Clarity  +    (gloves unavailable)
Will    .....                    F - +0 pair of boots
Stlth   ++                       C - amulet of magic regeneration
HPRegen 0.33/turn                r - +6 ring of intelligence
MPRegen 0.61/turn                S - ring of protection from fire

@: ice-armoured, sanguine armoured, under a protective aura, animating dead,
drained
A: foul stench 2, sanguine armour 2, demonic magic 1, demonic touch 3, horns 1,
clarity, clever 1
a: Renounce Religion, Unearth Wretches


You were on level 4 of the Lair of Beasts.
You worshipped Kikubaaqudgha.
Kikubaaqudgha was greatly pleased with you.
You visited 3 branches of the dungeon, and saw 14 of its levels.
You also visited: Sewer and Ossuary.

You collected 995 gold pieces.

Inventory:

Hand Weapons
 a - a +2 scimitar of flaming
 y - a +6 dagger of protection (weapon)
 Y - a +0 quarterstaff of freezing
Missiles
 B - 12 atropa-tipped darts (quivered)
 J - 13 poisoned darts
Armour
 i - an orb of guile (worn)
 F - a +0 pair of boots (worn)
 G - a +3 leather armour (worn)
 I - a +1 cloak (worn)
 Z - a +1 robe of cold resistance
Magical Staves
 n - a staff of air
 A - a staff of death
 M - a staff of earth
Jewellery
 c - a ring of see invisible
 f - a ring of positive energy
 k - a ring of flight
 r - a +6 ring of intelligence (left hand)
 C - an amulet of magic regeneration (around neck)
 K - a ring of resist corrosion
 L - a ring of magical power
 S - a ring of protection from fire (right hand)
 W - a ring of wizardry
 X - a ring of ice
Wands
 b - a wand of quicksilver (6)
 e - a wand of digging (12)
 g - a wand of flame (12)
 l - a wand of mindburst (22)
 z - a wand of polymorph (8)
 E - a wand of paralysis (16)
Scrolls
 d - 7 scrolls of teleportation
 h - a scroll of poison
 j - 3 scrolls of amnesia
 p - 2 scrolls of fear
 u - 4 scrolls of blinking
 w - a scroll of magic mapping
 N - 3 scrolls of immolation
 Q - a scroll of acquirement
Potions
 o - a potion of might
 q - 3 potions of flight
 t - a potion of resistance
 x - 3 potions of brilliance
 H - a potion of magic
 O - 2 potions of cancellation
 P - 2 potions of attraction
 R - a potion of berserk rage
 T - a potion of ambrosia
 V - a potion of lignification


   Skills:
 + Level 3.3 Fighting
 + Level 4.0 Short Blades
 + Level 1.3 Staves
 + Level 0.4 Throwing
 + Level 3.8 Armour
 + Level 3.9 Dodging
 + Level 4.9 Stealth
 - Level 0.1 Unarmed Combat
 * Level 11.2 Spellcasting
 * Level 5.1 Conjurations
 * Level 4.4 Hexes
 * Level 12.7 Necromancy
 * Level 3.8 Translocations
 * Level 4.4 Ice Magic
 * Level 5.0 Air Magic
 * Level 4.9 Poison Magic
 * Level 4.9 Evocations


You had 13 spell levels left.
You knew the following spells:

 Your Spells              Type           Power      Damage    Failure   Level
a - Necrotise             Necr           100%       1d9       1%          1
b - Vampiric Draining     Necr           77%        2d11      1%          3
c - Animate Dead          Necr           77%        N/A       1%          4
d - Kiss of Death         Conj/Necr      100%       2d13      1%          1
e - Cigotuvi's Dreadful   Necr/Pois/Air  100%       N/A       1%          2
f - Ozocubu's Armour      Ice            45%        N/A       1%          3
g - Gell's Gravitas       Tloc           41%        N/A       2%          3
h - Anguish               Hex/Necr       31%        N/A       1%          4

Your spell library contained the following spells:

 Spells                   Type           Power      Damage    Failure   Level
 Lesser Beckoning         Tloc           82%        N/A       1%          2
 Vhi's Electric Charge    Tloc/Air       88%        N/A       1%          3
 Agony                    Necr           77%        N/A       1%          5
 Teleport Other           Tloc           41%        N/A       2%          3
 Death Channel            Necr           38%        N/A       3%          6
 Arcjolt                  Conj/Air       24%        1d34      14%         5
 Simulacrum               Ice/Necr       31%        N/A       17%         6
 Plasma Beam              Fire/Air       16%        2x1d30    91%         6
 Ozocubu's Refrigeration  Ice            22%        4d12      99%         7


Dungeon Overview and Level Annotations

Branches:
Dungeon (9/15)             Temple (1/1) D:5            Lair (4/5) D:9
 Shoals (0/4) Lair:2       Spider (0/4) Lair:2        Sewer (visited)
Ossuary (visited)
  Slime: Lair:4-5       Orc: D:9-12

Altars:
Ashenzari
Cheibriados
Dithmenos
Fedhas
Gozag
Hepliaklqana
Kikubaaqudgha
Makhleb
Nemelex Xobeh
Okawaru
Qazlal
Ru
Sif Muna
Trog
Uskayaw
Vehumet
Wu Jian
Xom
Yredelemnul

Shops:
D:2 (


Innate Abilities, Weirdness & Mutations

You sometimes emit foul miasma when damaged in melee.
When seriously injured, your blood forms thick armour. (AC +9)
Spells you cast may paralyse adjacent enemies.
Your touch may irresistibly damage your foes and sap their willpower.
You have a pair of small horns on your head.
You possess an exceptional clarity of mind.
Your mind is acute. (Int +4, Str/Dex -1)


Message History

The bullfrog is moderately wounded.
The skyshark is no longer paralysed.
The bullfrog closely misses you. The skyshark bites you.
The skyshark enters a blood-rage!
The skyshark tail-slaps you but does no damage.
The skyshark barely misses you.
You hit the bullfrog. Your headbutt misses the bullfrog.
The bullfrog is heavily wounded.
The bullfrog hits you but does no damage.
The skyshark bites you!
Your blood congeals into armour.
The skyshark closely misses you.
The skyshark tail-slaps you but does no damage.
You puncture the skyshark!
The skyshark is lightly wounded.
The cane toad is no longer paralysed.
The bullfrog completely misses you.
The skyshark bites you but does no damage.
The skyshark closely misses you. x2
The cane toad stings you but does no damage.
You hit the skyshark.
The skyshark is lightly wounded.
The bullfrog closely misses you. The skyshark closely misses you.
The skyshark tail-slaps you but does no damage. x2
The cane toad stings you but does no damage.
The bullfrog closely misses you.
You hit the skyshark. Your headbutt misses the skyshark.
The skyshark is lightly wounded.
The skyshark bites you!! The skyshark completely misses you.
The skyshark tail-slaps you but does no damage.
The cane toad barely misses you. The bullfrog barely misses you.
The skyshark bites you!!
* * * LOW HITPOINT WARNING * * *
The skyshark closely misses you.
The skyshark tail-slaps you but does no damage.
You feel better. The bullfrog barely misses you.
The cane toad stings you but does no damage.
The skyshark bites you!
* * * LOW HITPOINT WARNING * * *
The skyshark tail-slaps you but does no damage.
The skyshark tail-slaps you!
You die...
Kikubaaqudgha rasps: "You have failed me!
Welcome... death!"

#.. ♣♣..♣♣..♣♣ #..♣
♣♣♣♣..♣♣ #.♣.♣ ♣..♣♣
##♣.♣ ########.## ###
.... #........####..
#♣...♣#.♣.######..'.♣
#.♣.♣.#.♣.#...'...#.♣
#♣.Fl♣#.♣.÷..######.♣
#..F@.#...####.......
...###.#################
..................# #....
.#................####..P
##..#######[##...#......
#.. ####.......... ...
#..##...... ...
#.......... ...
#.###......


You could see a skyshark (berserk), a cane toad and a bullfrog.

Vanquished Creatures
  2 hydras
  Erica (D:8)
  A boulder beetle (Lair:4)
  2 catoblepae (Lair:4)
  2 two-headed ogres (D:9)
  2 death yaks (Lair:4)
  A fire crab (Lair:4)
  3 torpor snails (Lair:4)
  3 black mambas
  6 elephants
  Maggie (D:7)
  2 cane toads
  4 komodo dragons
  2 polar bears
  2 hornets
  2 blink frogs
  2 dream sheep (Lair:4)
  Sigmund (D:2)
  2 wyverns
  19 yaks
  A fire elemental (Lair:4)
  A steam dragon (D:8)
  9 water moccasins
  Pargi (Sewer)
  2 hornet zombies (Ossuary)
  3 orc warriors
  A black bear (D:6)
  2 ogres
  5 wolves
  3 centaurs
  2 phantoms
  2 elf zombies (D:8)
  A kobold brigand (D:7)
  A scorpion (D:7)
  8 bullfrogs
  2 water moccasin zombies (Ossuary)
  An elf skeleton (D:8)
  4 wights
  7 killer bees
  9 bullfrog zombies (Ossuary)
  4 centaur zombies (Ossuary)
  A human zombie (D:8)
  2 hounds (D:6)
  7 jellies (D:5)
  3 orc priests
  2 gnoll boudas
  5 iguanas
  3 sleepcaps
  Ijyb (D:3)
  Natasha (twice) (D:2)
  7 orc wizards
  A human skeleton (D:8)
  3 killer bee zombies (Ossuary)
  13 mummies (Ossuary)
  3 howler monkey zombies (Ossuary)
  5 adders
  16 gnolls
  A shadow imp (D:7)
  2 white imps
  An ufetubus (D:7)
  A worm (D:2)
  5 dart slugs
  20 orcs
  6 ball pythons
  10 endoplasms
  6 giant cockroaches
  13 goblins
  10 hobgoblins
  6 jackals
  11 kobolds
  6 quokkas
  5 bats
  6 frilled lizards
  An orc zombie (D:8)
  7 rats
320 creatures vanquished.

Vanquished Creatures (collateral kills)
  Rupert (Lair:4)
  2 hydras (Lair:2)
  A boulder beetle (Lair:3)
  4 elephants
  A komodo dragon (Lair:2)
  A polar bear (Lair:2)
  6 blink frogs
  11 yaks
  A steam dragon (D:8)
  A basilisk (Lair:4)
  7 water moccasins
  An ice beast (D:5)
  5 wolves
  A centaur (D:8)
  3 bullfrogs
  2 killer bees (D:9)
  Robin (D:2)
  A dart slug (D:1)
  4 orcs
  2 goblins (D:2)
  A ball python (Sewer)
  A bat (D:3)
  A kobold (D:7)
  2 rats (D:3)
  A bush (Lair:2)
62 creatures vanquished.

Vanquished Creatures (others)
  Fannar (Lair:3)
  2 elephants
  A cane toad (Lair:3)
  A death yak zombie (Lair:4)
  A hydra zombie (Lair:4)
  A yak (Lair:3)
  A steam dragon (D:7)
  A cane toad zombie (Lair:3)
  A water moccasin (Lair:4)
  2 elephant zombies (Lair:4)
  A hornet zombie (D:8)
  A bullfrog (D:9)
  6 water moccasin zombies
  3 yak zombies
  3 wolf zombies (Lair:1)
  A bullfrog zombie (Lair:4)
  A centaur zombie (D:8)
  3 killer bee zombies (D:9)
  2 human zombies
  An adder (D:7)
  An adder zombie (D:3)
  A jelly zombie (D:5)
  15 orc zombies
  A giant cockroach (D:7)
  9 gnoll zombies
  3 kobold zombies (D:7)
  A rat zombie (D:3)
  25 fungi
  22 plants
  4 toadstools (D:7)
  3 withered plants (Ossuary)
119 creatures vanquished.

Grand Total: 501 creatures vanquished

Notes
Turn   | Place    | Note
-------+----------+-------------------------------------------
     0 | D:1      | Danienth the Demonspawn Necromancer began the quest for the
                  | Orb.
     0 | D:1      | Reached XP level 1. HP: 13/13 MP: 3/3
   167 | D:1      | Gained mutation: Spells you cast may paralyse adjacent
                  | enemies. [demonic ancestry]
   167 | D:1      | Reached XP level 2. HP: 12/19 MP: 0/5
   580 | D:1      | Gained mutation: You may rarely emit foul miasma when
                  | damaged in melee. [demonic ancestry]
   580 | D:1      | Reached XP level 3. HP: 24/24 MP: 3/6
   817 | D:1      | Reached skill level 5 in Necromancy
  1167 | D:2      | Noticed Robin
  1193 | D:2      | Killed Robin
  1210 | D:2      | Reached XP level 4. HP: 19/30 MP: 1/8
  1924 | D:2      | Noticed Sigmund
  1933 | D:2      | Learned a level 3 spell: Vampiric Draining
  1938 | D:2      | Learned a level 4 spell: Animate Dead
  1944 | D:2      | Killed Sigmund
  1945 | D:2      | Reached skill level 6 in Necromancy
  1945 | D:2      | Gained mutation: Your touch may inflict minor irresistible
                  | damage on your foes. [demonic ancestry]
  1945 | D:2      | Reached XP level 5. HP: 30/35 MP: 3/10
  2085 | D:2      | Found Wiuwk's Antique Weapon Shoppe.
  2139 | D:2      | Noticed Natasha
  2142 | D:2      | Killed Natasha
  2143 | D:2      | Gained mutation: Your touch may inflict irresistible damage
                  | on your foes. [demonic ancestry]
  2143 | D:2      | Reached XP level 6. HP: 36/41 MP: 7/12
  2268 | D:2      | Noticed Natasha
  2272 | D:2      | Killed Natasha
  2670 | D:3      | Found a glowing drain.
  2758 | Sewer    | Entered a sewer
  2794 | Sewer    | Noticed Pargi
  2806 | Sewer    | Killed Pargi
  3086 | Sewer    | Gained mutation: Your body sometimes deteriorates upon
                  | taking damage. [potion of mutation]
  3086 | Sewer    | Gained mutation: You passively map a small area around you.
                  | [potion of mutation]
  3086 | Sewer    | Gained mutation: You are covered in fur. (AC +1) [potion of
                  | mutation]
  3302 | D:3      | Found an opulent altar of Gozag.
  3394 | D:3      | Noticed Ijyb
  3411 | D:3      | Killed Ijyb
  3412 | D:3      | Reached skill level 1 in Fighting
  3519 | D:3      | Reached XP level 7. HP: 48/48 MP: 11/14
  4194 | D:4      | Found an ancient bone altar of Kikubaaqudgha.
  4225 | D:4      | Became a worshipper of Kikubaaqudgha
  4348 | D:4      | Reached skill level 7 in Necromancy
  4436 | D:4      | Reached skill level 5 in Spellcasting
  4729 | D:4      | Found a radiant altar of Vehumet.
  4730 | D:4      | Found an ornate altar of the Wu Jian Council.
  5078 | D:4      | Found a hazy altar of Hepliaklqana.
  5103 | D:5      | Entered Level 5 of the Dungeon
  5256 | D:5      | Lost mutation: You passively map a small area around you.
                  | [potion of mutation]
  5256 | D:5      | Lost mutation: You are covered in fur. (AC +1) [potion of
                  | mutation]
  5256 | D:5      | Gained mutation: Your mind is acute. (Int +4, Str/Dex -1)
                  | [potion of mutation]
  5256 | D:5      | Gained mutation: You occasionally lose the ability to read
                  | scrolls when taking damage. [potion of mutation]
  5256 | D:5      | Gained mutation: You are frail. (-10% HP) [potion of
                  | mutation]
  5275 | D:5      | Found a shadowy altar of Dithmenos.
  5314 | D:5      | Found a broken altar of Ashenzari.
  5314 | D:5      | Found a snail-covered altar of Cheibriados.
  5487 | D:5      | Reached skill level 1 in Armour
  5597 | D:5      | Gained mutation: You sometimes emit foul miasma when
                  | damaged in melee. [demonic ancestry]
  5597 | D:5      | Reached XP level 8. HP: 48/48 MP: 4/16
  5602 | D:5      | Reached skill level 8 in Necromancy
  5735 | D:5      | Found a staircase to the Ecumenical Temple.
  5828 | D:5      | Reached * piety under Kikubaaqudgha
  5828 | D:5      | Received a gift from Kikubaaqudgha
  5829 | D:5      | Reached skill level 1 in Short Blades
  5831 | D:5      | Learned a level 1 spell: Kiss of Death
  5834 | D:5      | Learned a level 2 spell: Cigotuvi's Dreadful Rot
  6615 | Temple   | Entered the Ecumenical Temple
  7330 | D:6      | Reached skill level 9 in Necromancy
  8543 | D:7      | Gained mutation: Your touch may irresistibly damage your
                  | foes and sap their willpower. [demonic ancestry]
  8543 | D:7      | Reached XP level 9. HP: 46/54 MP: 14/19
  9240 | D:7      | Found a sparkling altar of Nemelex Xobeh.
  9301 | D:7      | Noticed Maggie
  9329 | D:7      | Killed Maggie
  9329 | D:7      | Reached ** piety under Kikubaaqudgha
  9330 | D:7      | Reached skill level 10 in Necromancy
  9479 | D:7      | Your ally Maggie died
 10239 | D:6      | Upgraded the game from 0.30-a0-1053-gbd8d5ba0ad to
                  | 0.30-a0-1074-g5db6f66fbb
 10303 | D:8      | Lost mutation: Your body sometimes deteriorates upon taking
                  | damage. [potion of mutation]
 10303 | D:8      | Lost mutation: You are frail. (-10% HP) [potion of
                  | mutation]
 10303 | D:8      | Lost mutation: You occasionally lose the ability to read
                  | scrolls when taking damage. [potion of mutation]
 10303 | D:8      | Gained mutation: You have a pair of small horns on your
                  | head. [potion of mutation]
 10303 | D:8      | Gained mutation: You possess an exceptional clarity of
                  | mind. [potion of mutation]
 10309 | D:8      | Noticed Erica
 10391 | D:8      | Identified the +2 pair of gloves of Uskayaw's Scorn {rN+}
 10493 | D:8      | Found a sand-covered staircase.
 10504 | Ossuary  | Entered an ossuary
 10576 | Ossuary  | Reached skill level 1 in Staves
 10840 | Ossuary  | Learned a level 3 spell: Ozocubu's Armour
 10844 | Ossuary  | Learned a level 3 spell: Gell's Gravitas
 10898 | Ossuary  | Reached XP level 10. HP: 39/68 MP: 22/22
 10981 | Ossuary  | Reached *** piety under Kikubaaqudgha
 10981 | Ossuary  | Received a gift from Kikubaaqudgha
 11237 | Ossuary  | Learned a level 4 spell: Anguish
 11532 | D:8      | Reached skill level 1 in Evocations
 11546 | D:8      | Killed Erica
 11565 | D:8      | Reached skill level 1 in Conjurations
 11578 | D:8      | Your ally Erica died
 11700 | D:8      | Reached skill level 1 in Air Magic
 11866 | D:8      | Reached skill level 1 in Hexes
 11866 | D:8      | Reached skill level 1 in Poison Magic
 12304 | D:9      | Paralysed by a hornet for 2 turns
 12309 | D:9      | Reached skill level 1 in Translocations
 12309 | D:9      | Reached skill level 1 in Ice Magic
 12332 | D:9      | Noticed a two-headed ogre
 12339 | D:9      | Killed a two-headed ogre
 12492 | D:9      | Gained mutation: When seriously injured, your blood forms
                  | armour. (AC +9) [demonic ancestry]
 12492 | D:9      | Reached XP level 11. HP: 52/75 MP: 14/23
 12874 | D:9      | Reached skill level 11 in Necromancy
 13009 | D:9      | Found a staircase to the Lair.
 13064 | D:9      | Noticed a two-headed ogre
 13075 | D:9      | Killed a two-headed ogre
 13207 | Lair:1   | Entered Level 1 of the Lair of Beasts
 13442 | Lair:1   | Reached **** piety under Kikubaaqudgha
 14206 | Lair:2   | Noticed a five-headed hydra
 14470 | Lair:2   | Found a hole to the Spider Nest.
 14571 | Lair:2   | Noticed a five-headed hydra
 14580 | Lair:2   | Killed a five-headed hydra
 14783 | Lair:2   | Reached XP level 12. HP: 72/81 MP: 18/25
 14952 | Lair:2   | Found a staircase to the Shoals.
 15242 | Lair:2   | Killed a five-headed hydra
 15915 | Lair:3   | Noticed a five-headed hydra
 15925 | Lair:3   | Killed a five-headed hydra
 15975 | Lair:3   | Noticed Fannar
 15985 | Lair:3   | Killed Fannar
 15986 | Lair:3   | Reached skill level 10 in Spellcasting
 16355 | Lair:3   | Noticed a boulder beetle
 16364 | Lair:3   | Killed a boulder beetle
 16365 | Lair:3   | Reached skill level 12 in Necromancy
 17234 | Lair:4   | Noticed a death yak
 17234 | Lair:4   | Noticed a four-headed hydra
 17274 | Lair:4   | Killed a death yak
 17285 | Lair:4   | Killed a four-headed hydra
 17360 | Lair:4   | Noticed Rupert
 17371 | Lair:4   | Killed Rupert
 17372 | Lair:4   | Gained mutation: When seriously injured, your blood forms
                  | thick armour. (AC +9) [demonic ancestry]
 17372 | Lair:4   | Reached XP level 13. HP: 47/86 MP: 18/27
 17405 | Lair:4   | Reached skill level 5 in Conjurations
 17623 | Lair:4   | Reached skill level 5 in Air Magic
 18004 | Lair:4   | Identified a scroll of acquirement
 18282 | Lair:4   | HP: 3/80 [skyshark (22)]
 18283 | Lair:4   | Slain by a skyshark

Illustrated notes

Levels and vault maps discovered:
D:1:      eino_arrival_water_cross, layout_basic
D:2:      layout_basic, serial_shops, shop_fountains, uniq_sigmund,
          uniq_natasha, uniq_robin
D:3:      layout_loops_corners, pdpol_temple_overflow_zin_treasury_gozag_greed,
          gup_sewer_entry_pipe, uniq_ijyb
D:4:      layout_loops_cross, amcnicky_altar_gilded,
          nicolae_overflow_two_pavilions, nicolae_overflow_hidden_temple,
          minivault_5, minmay_fractal_squares_gapless_5
D:5:      nicolae_cairo_tiling_large, layout_layer_cave,
          gammafunk_temple_overflow_wave, nicolae_dithmenos_the_darkroom,
          minmay_temple_entry_poolview
D:6:      layout_basic
D:7:      layout_loops_corners, lemuel_coloured_pillars_altar,
          columned_hall_lemuel, minmay_gold_behind_fungi, uniq_maggie
D:8:      layout_basic, mainiacjoe_overflow_cross_hatched,
          nicolae_ossuary_entry_catacombs, st_stairs_10, uniq_erica
D:9:      layout_stronghold, lair_entry_dummy, minivault_8
Temple:   bh_familiar_temple
Lair:1:   layout_chaotic_city, beast_lair_carwin_8
Lair:2:   layout_regular_city, elwin_shoals_entry_rocks, dummy_spider_entry,
          grunt_megastairs_5
Lair:3:   layout_regular_city, uniq_fannar
Lair:4:   nzn_winding_woodlands_large [nzn_winding_woodlands_5x5_default,
          nzn_winding_woodlands_5x15_pockets, nzn_winding_woodlands_hourglass,
          nzn_winding_woodlands_center_diamonds,
          nzn_winding_woodlands_15x15_thick_spiral,
          nzn_winding_woodlands_center_lodge, nzn_winding_woodlands_5x5_default,
          nzn_winding_woodlands_5x15_sidewinder,
          nzn_winding_woodlands_5x5_open_star], layout_gridlike,
          nicolae_slime_entry_field_trip, uniq_rupert

Skill      XL: |  1  2  3  4  5  6  7  8  9 10 11 12 13 |
---------------+----------------------------------------+-----
Stealth        | 2 3 4 |  4.9
Necromancy     | 5 6 7 9 10 11 12 | 12.7
Dodging        | 2 3 |  3.9
Spellcasting   | 3 4 5 7 8 9 10 11 | 11.2
Fighting       | 1 2 3 |  3.3
Armour         | 1 2 3 |  3.8
Short Blades   | 1 2 3 4 |  4.0
Staves         | 1 |  1.3
Evocations     | 2 3 4 |  4.9
Conjurations   | 2 3 4 5 |  5.1
Air Magic      | 2 3 4 5 |  5.0
Hexes          | 1 3 4 |  4.4
Poison Magic   | 1 3 4 |  4.9
Translocations | 1 2 3 |  3.8
Ice Magic      | 2 3 4 |  4.4
Throwing       | |  0.4
Unarmed Combat | |  0.1

Action                     |  1- 3 |  4- 6 |  7- 9 | 10-12 | 13-15 || total
---------------------------+-------+-------+-------+-------+-------++-------
  Melee: Unarmed           |    16 |       |       |       |       ||    16
         Dagger            |    29 |    24 |   183 |   261 |    54 ||   551
         Touch             |       |     2 |    56 |    64 |    12 ||   134
         Staff             |       |       |    83 |       |       ||    83
         Punch             |       |       |     7 |     3 |     1 ||    11
         Headbutt          |       |       |    42 |    72 |    23 ||   137
  Throw: Dart              |       |       |     2 |     6 |     1 ||     9
   Cast: Necrotise         |    63 |    97 |   210 |   141 |    13 ||   524
         Animate Dead      |       |     2 |    13 |    11 |     3 ||    29
         Vampiric Draining |       |       |     6 |    51 |    21 ||    78
         Kiss of Death     |       |       |     1 |       |     1 ||     2
         Ozocubu's Armour  |       |       |       |    17 |     4 ||    21
         Anguish           |       |       |       |    10 |     2 ||    12
         Cigotuvi's Dreadf |       |       |       |     2 |       ||     2
         Gell's Gravitas   |       |       |       |       |     1 ||     1
 Invoke: Unearth Wretches  |       |       |     1 |     2 |       ||     3
  Evoke: Wand              |       |       |     5 |     4 |     5 ||    14
    Use: Potion            |     3 |     1 |    12 |    13 |     4 ||    33
         Scroll            |     2 |     3 |     9 |    14 |     5 ||    33
   Stab: Paralysed         |     9 |       |    17 |    17 |     1 ||    44
         Distracted        |     1 |       |     1 |     3 |       ||     5
         Sleeping          |     1 |       |     2 |     2 |       ||     5
         Invisible         |     1 |       |       |     2 |       ||     3
 Armour: Robe              |    12 |    10 |     2 |       |       ||    24
         Leather armour    |       |       |    98 |   107 |    31 ||   236
  Dodge: Dodged            |    33 |    27 |   184 |   213 |    38 ||   495

Table legend: (Time is in decaauts)
 A = Elapsed time spent in this place.
 B = Non-inter-level travel time spent in this place.
 C = Inter-level travel time spent in this place.
 D = Time resting spent in this place.
 E = Time spent auto-exploring this place.
 F = Levels seen in this place.
 G = Mean time per level.
                   A        B        C        D        E       F      G
               +--------+--------+--------+--------+--------+-----+--------+
         Total |  18252 |  15415 |   2837 |   2539 |   9921 |  16 | 1140.8 |
       Dungeon |  11813 |   9700 |   2113 |   1460 |   6565 |   9 | 1312.6 |
        Temple |    201 |    156 |     45 |      0 |    153 |   1 |  201.0 |
          Lair |   5057 |   4378 |    679 |    581 |   3005 |   4 | 1264.2 |
         Sewer |    328 |    328 |      0 |     70 |    169 |   1 |  328.0 |
       Ossuary |    851 |    851 |      0 |    428 |     29 |   1 |  851.0 |
               +--------+--------+--------+--------+--------+-----+--------+

Top non-repeatable levels by time:
  Lair:2: 1776 daAuts
     D:7: 1713 daAuts
     D:5: 1690 daAuts
     D:6: 1559 daAuts
     D:2: 1448 daAuts
  Lair:3: 1310 daAuts
     D:3: 1274 daAuts
     D:8: 1180 daAuts
     D:1: 1100 daAuts
  Lair:4: 1094 daAuts
     D:4: 941 daAuts
     D:9: 904 daAuts
  Lair:1: 876 daAuts
 Ossuary: 851 daAuts
   Sewer: 328 daAuts
